 Dungeon Crawl Stone Soup version 0.28.0-45-g0d030f2227 (webtiles) character file.

Game seed: 9669005989349493463

185 Zeor the Twirler (level 5, -4/32 HPs)
             Began as a Gargoyle Gladiator on Apr 5, 2022.
             Slain by Pargi (6 damage)
             ... on level 2 of the Dungeon.
             The game lasted 00:11:44 (2659 turns).

Zeor the Twirler (Gargoyle Gladiator)               Turns: 2659, Time: 00:11:46

Health: -4/32      AC: 12    Str: 19    XL:     5   Next: 64%
Magic:  5/5        EV: 10    Int:  9    God:
Gold:   56         SH:  0    Dex: 11    Spells: 4/4 levels left

rFire   . . .      SeeInvis .   a - +0 quarterstaff
rCold   . . .      Faith    .   (shield currently unavailable)
rNeg    + . .      Spirit   .   i - +0 scale mail
rPois   ∞          Reflect  .   c - +1 helmet
rElec   +          Harm     .   (no cloak)
rCorr   .          Rampage  .   (no gloves)
Will    .....                   (no boots)
Stlth   ..........              (no amulet)
HPRegen 0.10/turn               (no ring)
MPRegen 0.09/turn               (no ring)

@: no status effects
A: sickness immunity, AC +4, negative energy resistance 1, electricity
resistance, torment resistance 1, petrification resistance
a: no special abilities


You were on level 2 of the Dungeon.
You visited 1 branch of the dungeon, and saw 3 of its levels.

You collected 112 gold pieces.
You spent 56 gold pieces at shops.

Inventory:

Hand Weapons
 a - a +0 quarterstaff (weapon)
Missiles
 d - 3 throwing nets (quivered)
 h - 14 arrows
Armour
 c - a +1 helmet (worn)
 i - a +0 scale mail (worn)
Jewellery
 b - a +6 ring of dexterity
Scrolls
 g - a scroll of identify
Potions
 e - a potion of invisibility


   Skills:
 + Level 3.4 Fighting
 + Level 4.1 Staves
 + Level 1.9 Throwing
 * Level 3.1 Armour
 + Level 2.9 Dodging


You had 4 spell levels left.
You didn't know any spells.
Your spell library contained the following spells:

 Spells                   Type           Power      Damage    Failure   Level
 Passwall                 Tmut/Erth      0%         N/A       88%         2
 Spider Form              Tmut/Pois      0%         N/A       98%         3
 Airstrike                Air            0%         N/A       100%        4


Dungeon Overview and Level Annotations

Branches:
Dungeon (3/15)

Altars:

Shops:
D:3 *

Annotations:
D:2 Natasha, Pargi


Innate Abilities, Weirdness & Mutations

You are immune to sickness and miasma.
Your stone body is resilient. (AC +4)
You are immune to poison.
You resist negative energy. (rN+)
You are resistant to electric shocks. (rElec)
You are resistant to unholy torment.
You are immune to petrification.


Message History

Pargi looks around nervously.
Pargi clenches his teeth.
Pargi looks very sad for a moment.
Okay, then.
There is an open door here.
Pargi bites you but does no damage. Pargi claws you but does no damage. x2
Pargi snarls, "My home!
Leave!"
Pargi hisses menacingly.
Pargi hisses menacingly.
Pargi bites you but does no damage. Pargi claws you but does no damage.
Pargi barely misses you.
Pargi hisses menacingly.
Pargi closely misses you. Pargi barely misses you. x2
There is a stone staircase leading up here.
Natasha, Servant of Life and Death comes into view.
Natasha hisses angrily.
Natasha mumbles some strange words.
Natasha mewls in sadness.
Natasha wildly gestures.
Natasha shimmers violently.
Natasha stares at you and mumbles some strange words.
The magic dart hits you.
You hit Pargi.
Pargi is lightly wounded.
Pargi bites you. Pargi claws you but does no damage. Pargi barely misses you.
Natasha claws you but does no damage.
You closely miss Pargi.
Pargi is lightly wounded.
Pargi bites you but does no damage. Pargi completely misses you.
Pargi claws you. Natasha closely misses you. The shadow imp puffs mist at you.
You hit Pargi.
Pargi is lightly wounded.
Pargi misses you. Pargi barely misses you. Pargi claws you but does no damage.
Natasha casts a spell at you. The magic dart hits you!
* * * LOW HITPOINT WARNING * * *
You sock Pargi!
Pargi is heavily wounded.
Pargi bites you.
You die...

▒∙∙∙∙∙∙∙∙∙∙∙∙∙▒∙∙∙▒▒∙∙∙∙
▒∙∙∙∙▒∙∙∙∙▒∙▒∙▒∙∙∙▒▒∙∙∙∙
▒∙∙∙∙▒∙∙∙∙▒∙▒∙▒∙∙∙▒▒∙∙∙∙
▒▒▒▒∙▒∙∙∙∙▒∙▒∙▒∙∙∙▒▒∙∙∙∙
▒∙▒∙∙∙∙▒∙▒∙▒▒▒▒▒▒∙∙∙∙
▒▒▒▒▒∙▒∙∙∙∙'∙∙∙∙∙∙∙∙∙∙∙∙∙
▒∙∙∙▒∙▒∙∙∙∙▒∙▒∙▒▒▒▒▒▒∙∙∙∙
▒∙∙∙▒∙▒▒▒▒▒▒∙▒∙▒ ▒∙∙∙∙
▒∙∙∙∙∙5h9T∙∙∙▒∙▒▒▒▒ ▒▒▒▒▒
▒∙∙∙▒∙▒▒▒▒▒▒▒▒∙∙>∙▒▒▒▒▒∙▒
▒∙∙∙▒∙▒ ▒∙∙∙∙∙∙∙∙∙∙▒ ▒∙∙∙▒∙▒
▒▒▒ ▒∙∙∙∙▒▒▒▒▒∙▒
▒▒▒∙▒∙▒▒▒▒∙▒▒▒∙∙∙∙▒▒▒∙▒∙▒
▒▒▒▒▒▒▒▒▒∙▒∙∙∙∙∙∙∙∙<∙∙∙∙'∙∙∙▒∙▒
▒∙∙∙∙∙∙∙∙∙∙∙∙∙∙(∙▒▒▒∙∙∙∙▒▒▒∙▒∙▒
▒▒▒∙▒▒▒▒▒∙▒▒▒▒▒▒∙▒∙▒∙∙∙∙∙∙∙∙▒∙▒
▒∙▒ ▒∙▒▒▒▒▒▒∙▒∙▒∙∙∙∙∙∙∙∙▒∙▒


You could see Pargi, Natasha and a shadow imp (summoned).

Vanquished Creatures
  A jelly (D:3)
  Jessica (D:2)
  Natasha (D:2)
  3 gnolls (D:3)
  An adder (D:3)
  A dart slug (D:1)
  5 orcs
  5 ball pythons
  4 endoplasms
  2 giant cockroaches
  4 goblins
  4 hobgoblins
  6 jackals
  A quokka (D:1)
  11 bats
  2 frilled lizards (D:2)
  2 kobolds (D:2)
  7 rats
61 creatures vanquished.

Notes
Turn   | Place    | Note
-------+----------+-------------------------------------------
     0 | D:1      | Zeor the Gargoyle Gladiator began the quest for the Orb.
     0 | D:1      | Reached XP level 1. HP: 12/12 MP: 1/1
   102 | D:1      | Reached XP level 2. HP: 14/17 MP: 2/2
   174 | D:1      | Reached skill level 1 in Armour
   219 | D:1      | Found a faded altar of an unknown god.
   469 | D:1      | Reached XP level 3. HP: 22/22 MP: 3/3
   725 | D:2      | Noticed Jessica
   751 | D:2      | Killed Jessica
   980 | D:2      | Reached XP level 4. HP: 27/27 MP: 4/4
  1286 | D:2      | Got the Disquisition on Shifting Flight
  1288 | D:2      | Noticed Natasha
  1294 | D:2      | Killed Natasha
  1952 | D:3      | Found Gytox's Assorted Antiques.
  1962 | D:3      | Bought a scroll of identify for 56 gold pieces
  2072 | D:3      | Reached XP level 5. HP: 21/32 MP: 5/5
  2359 | D:3      | Reached skill level 4 in Staves
  2393 | D:3      | Noticed a black bear
  2447 | D:3      | Noticed Pargi
  2652 | D:2      | Noticed Natasha
  2659 | D:2      | Slain by Pargi

Illustrated notes

Levels and vault maps discovered:
D:1:      amcnicky_arrival_underground_garden, layout_basic,
          chequers_ecumenical_altar_simple
D:2:      layout_basic, minmay_3d_cube, uniq_jessica, uniq_natasha
D:3:      lemuel_castle_with_subvaults [lemuel_castle_interior_carwin_2],
          layout_basic, general_overflow_altar, serial_shops,
          nicolae_shop_hallway_plus, st_stairs_9,
          amcnicky_mini_rare_corridor_liquid, uniq_pargi

Skill      XL: |  1  2  3  4  5 |
---------------+----------------+-----
Armour         | 1 2 3 |  3.1
Fighting       | 3 |  3.4
Staves         | 4 |  4.1
Throwing       | |  1.9
Dodging        | |  2.9

Action                   |  1- 3 |  4- 6 || total
-------------------------+-------+-------++-------
Melee: Quarterstaff      |    59 |   134 ||   193
  Use: Scroll            |     3 |     3 ||     6
       Potion            |       |     1 ||     1
Armor: Leather armour    |     8 |       ||     8
       Ring mail         |    15 |    68 ||    83
       Scale mail        |       |    47 ||    47
Dodge: Dodged            |    28 |   125 ||   153
